 Dungeon Crawl Stone Soup version 0.32-a0-868-g153ae1a8d6 (webtiles) character file.

Game seed: 11661682936693814592

334487 zenocrate the Black Belt (level 22, -2/155 HPs)
             Began as an Octopode Earth Elementalist on Mar 28, 2024.
             Was a Follower of Jiyva.
             Slain by a spriggan berserker simulacrum (illusionary) (9 damage)
             ... on level 3 of the Depths.
             The game lasted 01:23:04 (45029 turns).

zenocrate the Black Belt (OpEE)                    Turns: 45029, Time: 01:23:05

Health: -2/155     AC: 28    Str: 13    XL:     22   Next: 19%
Magic:  28/35      EV: 31    Int: 35    God:    Jiyva [*.....]
Gold:   1221       SH:  9    Dex: 15    Spells: 0/39 levels left

rFire   . .          .
                       - Unarmed
rCold   + + +        m - +3 buckler of Dom Zaib {^Contam Will+++ Str-4 Slay+5}
rNeg    + + +        o - +2 hat of Onorph {*Corrode rC++ Int+3}
rPois   ∞            E - amulet of the acrobat
rElec   +            V - +4 ring of protection
rCorr   +            Z - ring "Vocuom" {Ice rN++ Will+ Int+2 Dex-3}
SInv    +            s - +6 ring of intelligence
Will    +++++        j - +6 ring of strength
Stlth   +            K - +5 ring of evasion
HPRegen 1.25/turn    d - +5 ring of evasion
MPRegen 0.64/turn    f - ring of the Castellan {rF+ rCorr Dex+5 SInv Stlth-}
                     n - +5 ring of evasion

%: corrode self (3%), acrobat
@: on fire, about to teleport, statue-form, corroded, glowing, studying Air
Magic, very slow
A: slow and powerful, torment resistance 1, reduced hp, almost no armour,
amphibious, 8 rings, camouflage 1, (gelatinous body 1), (nimble swimmer 1),
tentacles, antennae 1, tentacle spike 1, clever 1, clumsy 1, wild magic 1
}: 1/15 runes: barnacled
a: Begin Untransformation, Renounce Religion


You were on level 3 of the Depths.
You worshipped Jiyva.
Jiyva was aware of your devotion.
You were a living statue of rough stone.
You visited 9 branches of the dungeon, and saw 37 of its levels.
You also visited: Trove, Sewer, Bailey, Ice Cave and Wizlab.

You collected 5471 gold pieces.
You spent 4250 gold pieces at shops.

Inventory:

Armour
 m - the +3 buckler of Dom Zaib (worn) {^Contam Will+++ Str-4 Slay+5}
   (You acquired it on level 3 of the Snake Pit)

   Str-4:     It affects your strength (-4).
   Slay+5:    It affects your accuracy & damage with ranged weapons and melee
   (+5).
   Will+++:   It greatly increases your willpower.
   ^Contam:   It causes magical contamination when unequipped.
 o - the +2 hat of Onorph (worn) {*Corrode rC++ Int+3}
   (You found it in a treasure trove)

   Int+3:     It affects your intelligence (+3).
   rC++:      It greatly protects you from cold.
   *Corrode:  It may corrode you when you take damage.
Magical Staves
 b - a staff of fire
 N - a staff of air
Jewellery
 d - a +5 ring of evasion (on tentacle)
 e - a +4 ring of protection
 f - the ring of the Castellan (on tentacle) {rF+ rCorr Dex+5 SInv Stlth-}
   (You found it in an ice cave)

   [ring of resist corrosion]

   Dex+5:     It affects your dexterity (+5).
   rF+:       It protects you from fire.
   SInv:      It lets you see invisible.
   rCorr:     It protects you from acid and corrosion.
   Stlth-:    It makes you less stealthy.
 j - a +6 ring of strength (on tentacle)
 n - a +5 ring of evasion (on tentacle)
 s - a +6 ring of intelligence (on tentacle)
 u - a ring of fire
 E - an amulet of the acrobat (around mantle)
 K - a +5 ring of evasion (on tentacle)
 V - a +4 ring of protection (left tentacle)
 Y - a ring of protection from cold
 Z - the ring "Vocuom" (right tentacle) {Ice rN++ Will+ Int+2 Dex-3}
   (You found it in an ice cave)

   [ring of ice]

   Ice:       It enhances your ice magic.
   Int+2:     It affects your intelligence (+2).
   Dex-3:     It affects your dexterity (-3).
   rF-:       It makes you vulnerable to fire.
   rC+:       It protects you from cold.
   rN++:      It greatly protects you from negative energy.
   Will+:     It increases your willpower.
Talismans
 h - a talisman of death
 A - a granite talisman (active)
Wands
 x - a wand of paralysis (40)
 D - a wand of mindburst (19)
 I - a wand of digging (10)
 L - a wand of roots (40)
 P - a wand of quicksilver (13)
Scrolls
 a - 11 scrolls of fog
 c - 15 scrolls of teleportation
 g - a scroll of amnesia
 q - 3 scrolls of blinking
 r - 3 scrolls of fear
 t - 4 scrolls of torment
 v - 6 scrolls of vulnerability
 w - 8 scrolls of poison
 y - 9 scrolls of immolation
 F - 3 scrolls of butterflies
 M - 6 scrolls of revelation
 W - 7 scrolls of silence
Potions
 i - 14 potions of brilliance
 k - 6 potions of magic
 l - 4 potions of might
 p - a potion of invisibility
 z - 8 potions of berserk rage
 B - 14 potions of curing
 G - 13 potions of enlightenment
 O - 3 potions of cancellation
 Q - 5 potions of mutation
 S - 5 potions of haste
 U - 4 potions of heal wounds
 X - 5 potions of resistance
Miscellaneous
 C - a condenser vane
 H - a sack of spiders
 J - a phantom mirror
 R - a Gell's gravitambourine (2/2)
 T - a lightning rod (2/4)


   Skills:
 + Level 15.3(11.3) Fighting
 - Level 2.6(1.3) Ranged Weapons
 + Level 15.2(11.2) Dodging
 - Level 5.2(2.6) Stealth
 + Level 11.7(7.7) Shields
 + Level 18.5(14.5) Unarmed Combat
 - Level 9.0(5.0) Spellcasting
 - Level 10.6(6.6) Conjurations
 - Level 2.5(1.2) Necromancy
 - Level 3.7(1.8) Translocations
 - Level 6.3(3.1) Ice Magic
 - Level 10.2(6.2) Earth Magic
 + Level 7.7(3.8) Evocations
 * Level 17.6(13.6) Shapeshifting


You couldn't memorise any spells.
You knew the following spells:

 Your Spells              Type           Power      Damage    Failure   Level
a - Stone Arrow           Conj/Erth      100%       3d13      2%          3
b - Lehudib's Crystal Sp  Conj/Erth      31%        10d8      100%        8
c - Ozocubu's Armour      Ice            57%        N/A       7%          3
d - Lee's Rapid Deconstr  Erth           31%        3d16*     17%         5
e - Passage of Golubria   Tloc           28%        N/A       32%         4
f - Maxwell's Portable P  Tloc           28%        2d(9-18)  32%         4
g - Silence               Hex/Air        5%         N/A       87%         5
h - Borgnjor's Vile Clut  Necr/Erth      22%        N/A       38%         5
x - Blink                 Tloc           56%        N/A       6%          2

Your spell library contained the following spells:

 Spells                   Type           Power      Damage    Failure   Level
 Magic Dart               Conj           100%       1d8       1%          1
 Sandblast                Erth           100%       2d20      1%          1
 Searing Ray              Conj           100%       2d8       1%          2
 Freeze                   Ice            100%       1d10      2%          1
 Kiss of Death            Conj/Necr      100%       2d13      2%          1
 Passwall                 Erth           62%        N/A       2%          3
 Static Discharge         Conj/Air       82%        3-7/arc   3%          2
 Hailstorm                Conj/Ice       71%        3d12      3%          3
 Necrotise                Necr           92%        1d8       5%          1
 Lesser Beckoning         Tloc           56%        N/A       6%          2
 Brom's Barrelling Bould  Conj/Erth      63%        2d8       6%          4
 Frozen Ramparts          Ice            100%       1d16      7%          3
 Slow                     Hex            44%        N/A       9%          1
 Mephitic Cloud           Conj/Alch/Air  31%        N/A       10%         3
 Call Imp                 Summ           22%        N/A       12%         2
 Mercury Vapours          Alch/Air       22%        N/A       12%         2
 Teleport Other           Tloc           28%        N/A       12%         3
 Summon Ice Beast         Ice/Summ       38%        N/A       13%         3
 Fugue of the Fallen      Necr           23%        N/A       14%         3
 Vampiric Draining        Necr           23%        2d7       14%         3
 Volatile Blastmotes      Fire/Tloc      38%        2d13      16%         3
 Flame Wave               Conj/Fire      41%        2d11      19%         4
 Fulminant Prism          Conj/Alch      20%        3d12      19%         4
 Leda's Liquefaction      Alch/Erth      19%        N/A       21%         4
 Petrify                  Alch/Erth      39%        N/A       21%         4
 Confusing Touch          Hex            11%        N/A       22%         3
 Inner Flame              Hex/Fire       11%        N/A       22%         3
 Dispel Undead            Necr           23%        3d12      38%         4
 Vhi's Electric Charge    Tloc/Air       38%        N/A       43%         4
 Freezing Cloud           Conj/Ice/Air   29%        6-21      45%         5
 Irradiate                Conj/Alch      20%        3d18      45%         5
 Martyr's Knell           Necr/Summ      17%        N/A       47%         4
 Airstrike                Air            5%         2d(1-17)  54%         4
 Olgreb's Toxic Radiance  Alch           11%        N/A       54%         4
 Sticky Flame             Fire/Alch      11%        2d5       54%         4
 Summon Lightning Spire   Summ/Air       11%        N/A       54%         4
 Bombard                  Conj/Erth      31%        9d6       58%         6
 Metabolic Englaciation   Hex/Ice        19%        N/A       67%         5
 Curse of Agony           Necr           23%        N/A       73%         5
 Permafrost Eruption      Ice/Erth       34%        2x4d10    82%         6
 Alistair's Intoxication  Alch           7%         N/A       87%         5
 Death Channel            Necr           11%        N/A       99%         6
 Dispersal                Tloc           14%        N/A       99%         6
 Gell's Gavotte           Tloc           14%        2d(17-26) 99%         6
 Sculpt Simulacrum        Ice/Alch       19%        N/A       99%         6
 Eringya's Noxious Bog    Alch           5%         4d6       100%        6
 Haunt                    Necr/Summ      8%         N/A       100%        7
 Malign Gateway           Summ/Tloc      9%         N/A       100%        7
 Manifold Assault         Tloc           14%        N/A       100%        7
 Spellforged Servitor     Conj/Summ      20%        N/A       100%        7
 Borgnjor's Revivificati  Necr           11%        N/A       100%        8
 Disjunction              Tloc           14%        N/A       100%        8
 Summon Horrible Things   Summ           5%         N/A       100%        8
 Death's Door             Necr           11%        N/A       100%        9


Dungeon Overview and Level Annotations

Branches:
Dungeon (15/15)            Temple (1/1) D:6            Lair (5/5) D:11
 Shoals (4/4) Lair:3        Snake (3/4) Lair:3        Slime (0/5) Lair:5
    Orc (2/2) D:12            Elf (3/3) Orc:2        Vaults (1/5) D:13
 Depths (3/4) D:15          Sewer (visited)          Bailey (visited)
  IceCv (visited)          WizLab (visited)

Altars:
Ashenzari
Cheibriados
Dithmenos
Elyvilon
Fedhas
Gozag
Hepliaklqana
Kikubaaqudgha
Makhleb
Nemelex Xobeh
Okawaru
Qazlal
Ru
Sif Muna
Trog
Uskayaw
Vehumet
Wu Jian
Xom
Yredelemnul
Zin
The Shining One
Beogh
Jiyva

Shops:
D:5 :   D:7 =   D:9 *   D:10 *   D:14 =   Orc:1 [   Orc:2 [?:*   Elf:1 ?
Elf:2 *[   Shoals:1 *   Shoals:2 (   Snake:1 *   Snake:2 [(*=   Snake:3 (**
Vaults:1 [

Portals:
Hell: Depths:1 Depths:2
Pandemonium: Orc:2 Depths:2
Ziggurat: Depths:3

Annotations:
D:2 1 runed translucent door, Crazy Yiuf
D:5 2 runed translucent doors, Griffin23's ghost, novice MiFi
D:9 2 transporters
Lair:2 1 runed translucent door, sirdedalot's ghost, journeyman FoHu


Innate Abilities, Weirdness & Mutations

You are a living statue of rough stone.
Your actions are slow, but your melee attacks are powerful.
You are resistant to unholy torment.
Your maximum health is decreased, since you lack skill for your form.
You cannot wear most types of armour.
You are amphibious.
You can wear up to eight rings at the same time.
You are immune to poison.
Your skin changes colour to match your surroundings (Stealth+).
((Your rubbery body absorbs attacks. (AC +1, EV +1)))
((You are camouflaged when in or above water. (Stealth+)))
You have tentacles for arms and can constrict up to eight enemies at once.
You have a pair of small antennae on your head.
One of your tentacles bears a spike.
Your mind is acute. (Int +4, Str/Dex -1)
You are clumsy. (Dex -2)
Your spells are a little harder to cast, but a little more powerful.


Message History

The spriggan berserker simulacrum completely misses you.
The spriggan berserker simulacrum misses you.
The spriggan berserker simulacrum hits you.
* * * LOW HITPOINT WARNING * * *
The spriggan berserker simulacrum freezes you.
You resist.
* * * LOW HITPOINT WARNING * * *
The rakshasa closely misses you.
You bludgeon the spriggan berserker simulacrum!
You grab the spriggan berserker simulacrum.
You pierce the spriggan berserker simulacrum.
The spriggan berserker simulacrum vaporises!
The liquid fire burns you!
* * * LOW HITPOINT WARNING * * *
The sun moth completely misses you. The iron troll completely misses you.
The iron troll misses you. The iron troll completely misses you.
The rakshasa weaves an illusion.
The spriggan berserker simulacrum shimmers and seems to become two!
You block the spriggan berserker simulacrum's attack.
Unknown command.
You batter the iron troll!!
You pierce the iron troll, but do no damage.
Your squeeze misses the iron troll.
The iron troll is moderately wounded.
The liquid fire burns you!
* * * LOW HITPOINT WARNING * * *
The sun moth's wings beat fiercely.
The flurry of pyrophoric scales hits you.
You are even more covered in intense liquid fire!
The spriggan berserker simulacrum hits you but does no damage.
The iron troll bites you but does no damage.
The iron troll completely misses you. x2
The rakshasa hits you from afar with a +0 trident!
* * * LOW HITPOINT WARNING * * *
The sun moth's wings beat fiercely.
The flurry of pyrophoric scales misses you.
The spriggan berserker simulacrum completely misses you.
The spriggan berserker simulacrum hits you!
You die...
Jiyva sends a jelly to digest your equipment.

##.###.##..###########
#.....).#.............
#.####..#.............
#.# #.#.............
#.# #.......[.......
#.# #.'.............
##'#######.Z.R.........
#.....†.###Ty..#...####
#.......###IZZ##...#
#.....#..##○Z## ...#
#....###....## ...#
#...##.##...# .#.#
#..##.∩.....# #.
#...##......#
#....###..#.#
#.....#..##.#
#.......###.#


You could see an iron troll, a rakshasa, a sun moth shaped shifter and 4
spriggan berserker simulacra.

Vanquished Creatures
  Mara (Shoals:4)
  Boris (Depths:1)
  A golden dragon (Depths:2)
  Rupert (Lair:3)
  Jorgrun (Elf:1)
  A lich (Depths:1)
  2 deep elf master archers (Elf:3)
  3 deep elf blademasters
  A titan (Shoals:4)
  2 sphinxes
  A walking frostbound tome (Depths:2)
  Polyphemus (Shoals:1)
  2 ancient champions (WizLab)
  Gastronok (Lair:2)
  Aizul (Elf:2)
  Roxanne (D:14)
  A shadow dragon (Depths:2)
  2 tengu reavers
  Donald (Elf:3)
  2 revenants (WizLab)
  A fire giant (Depths:2)
  3 frost giants
  A draconian knight (IceCv)
  8 deep elf sorcerers (Elf:3)
  5 vault wardens (Vaults:1)
  A caustic shrike zombie (WizLab)
  A balrug (Depths:2)
  3 deep elf elementalists
  An orc warlord (Elf:3)
  7 very ugly things
  6 stone giants
  3 ironbound preservers (Vaults:1)
  6 deep elf annihilators (Elf:3)
  A formless jellyfish (Vaults:1)
  A vampire knight (Depths:2)
  7 deep elf demonologists (Elf:3)
  5 white draconians (IceCv)
  5 deep elf death magi
  2 ironbound thunderhulks (Vaults:1)
  Azrael (Snake:3)
  4 spark wasps (Depths:2)
  4 halazid warlocks (WizLab)
  Snorg (D:10)
  4 ettins
  6 merfolk javelineers
  Josephine (D:11)
  8 merfolk impalers
  3 fire dragons
  A yaktaur captain (Vaults:1)
  An entropy weaver (Vaults:1)
  2 deep elf high priests (Elf:3)
  A jiangshi (WizLab)
  A great orb of eyes (Vaults:1)
  A peacekeeper (Vaults:1)
  5 vault guards
  8 hydras
  3 ogre magi
  A salamander tyrant (Snake:2)
  2 rakshasas (Depths:1)
  7 ice dragons
  2 ironbound frosthearts (Vaults:1)
  3 catoblepae
  4 merfolk avatars
  A satyr (Shoals:3)
  4 anacondas
  8 centaur warriors
  A death knight (D:15)
  8 merfolk aquamancers
  5 boulder beetles
  5 deep troll shamans
  23 dancing weapons
  4 death yaks
  11 tengu warriors
  5 deep troll earth magi
  11 two-headed ogres
  2 titan zombies (WizLab)
  3 vampire magi (WizLab)
  3 occultists (Depths:2)
  5 shock serpents
  6 naga sharpshooters
  8 hell knights (Depths:2)
  8 naga warriors
  2 spriggans (Depths:2)
  7 orc high priests
  3 spriggan berserkers
  3 iron trolls
  16 deep elf knights
  Amaemon (Lair:1)
  2 skeletal warriors (WizLab)
  Nergalle (D:11)
  8 skysharks
  7 mana vipers
  A spark wasp zombie (WizLab)
  A salamander mystic (Snake:2)
  2 shadow wraiths (WizLab)
  4 flayed ghosts
  5 naga ritualists
  An orange crystal statue (IceCv)
  5 arcanists
  A shadow demon (Depths:2)
  15 deep trolls
  15 sea snakes
  6 lindwurms (Vaults:1)
  12 harpies
  A glowing orange brain (Depths:2)
  3 ironbound convokers (Vaults:1)
  2 obsidian bats (Orc:2)
  7 deep elf archers
  Pikel (D:5)
  3 thermic dynamos (Elf:1)
  9 phantasmal warriors
  16 orc knights
  16 deep elf zephyrmancers
  28 deep elf pyromancers
  8 orc sorcerers
  A spectral wolf spider (WizLab)
  49 ugly things
  4 necromancers
  A sphinx simulacrum (Vaults:1)
  9 manticores
  13 fauns
  9 salamanders
  5 cyclopes
  A spectral spriggan (WizLab)
  8 elephants
  3 kobold blastminers (Orc:1)
  Maurice (D:11)
  33 black mambas
  An elf zombie (Vaults:1)
  An elephant (shapeshifter) (Depths:3)
  12 water nymphs
  6 merfolk sirens
  6 storm dragon simulacra (IceCv)
  6 vault sentinels (Vaults:1)
  2 orange demons
  A guardian serpent (Snake:3)
  15 naga magi
  3 gargoyles
  Jeremiah (Lair:1)
  An unseen horror (shapeshifter) (D:15)
  20 cane toads
  A kobold demonologist (Depths:2)
  4 rime drakes
  An unseen horror (D:12)
  8 yaktaurs
  2 tengu conjurers
  22 merfolk
  8 komodo dragons
  4 freezing wraiths
  7 golden dragon simulacra (IceCv)
  2 queen bees (shapeshifter)
  9 wind drakes
  A spectral harpy (WizLab)
  2 hellwings (Orc:2)
  6 trolls
  2 tyrant leeches (Lair:5)
  4 hornets
  3 polar bears
  28 blink frogs
  4 snapping turtles
  A glass eye (Depths:1)
  3 dream sheep (Shoals:3)
  6 slime creatures
  A spriggan (shapeshifter) (D:15)
  4 shadows
  38 yaks
  2 wyverns
  10 wraiths
  A vampire (D:10)
  8 air elementals
  27 water elementals
  3 basilisks
  A golden eye (shapeshifter) (D:13)
  Grum (D:8)
  5 fire elementals
  A human (D:13)
  3 wargs
  21 vampire mosquitoes
  24 nagas
  18 water moccasins
  2 hell hounds (Snake:3)
  An ice beast (D:7)
  2 sky beasts (D:7)
  5 laughing skulls
  Pargi (Sewer)
  3 black bears
  40 orc warriors
  5 ice dragon simulacra (IceCv)
  8 ogres
  A spriggan simulacrum (Depths:3)
  20 wolves
  12 centaurs
  A lemure (D:5)
  An elf simulacrum (Vaults:1)
  2 phantoms
  Blork the orc (D:5)
  5 kobold brigands
  6 gnoll sergeants
  A brain worm (Sewer)
  14 bullfrogs
  3 scorpions
  2 earth elementals
  A human simulacrum (Vaults:1)
  14 wights
  A glowing shapeshifter simulacrum (Vaults:1)
  3 lindwurm simulacra (IceCv)
  A howler monkey (D:7)
  A killer bee (D:7)
  A howler monkey (shapeshifter) (D:15)
  10 electric eels
  6 hounds
  A jelly (D:5)
  24 orc priests
  4 bombardier beetles
  A gnoll bouda (D:7)
  Jessica (D:2)
  8 iguanas
  17 orc wizards
  Robin (D:2)
  15 gnolls
  6 adders
  A white imp (D:7)
  3 ufetubi (D:7)
  3 dart slugs
  A ribbon worm (D:5)
  79 orcs
  3 endoplasms
  3 giant cockroaches
  21 goblins
  5 hobgoblins
  4 jackals (D:2)
  29 kobolds
  4 quokkas (D:1)
  A ball python (shapeshifter) (D:14)
  8 ball pythons
  16 bats
  5 frilled lizards
  8 rats
1455 creatures vanquished.

Vanquished Creatures (others)
  The ghost of Teucoep the Black Belt, an adept OpEE of Gozag (Elf:3)
  An ironbound preserver (Vaults:1)
  A glowing orange brain (Depths:3)
  An arcanist (Vaults:1)
  A glass eye (Depths:3)
  A yaktaur (Vaults:1)
  An air elemental (Shoals:4)
  A naga (Snake:3)
  2 laughing skulls (WizLab)
  8 jellies (Elf:3)
  An orc priest (Orc:2)
  An orc (Orc:1)
20 creatures vanquished.

Grand Total: 1475 creatures vanquished

Notes
Turn   | Place    | Note
-------+----------+-------------------------------------------
     0 | D:1      | zenocrate the Octopode Earth Elementalist began the quest
                  | for the Orb.
     0 | D:1      | Reached XP level 1. HP: 11/11 MP: 3/3
   207 | D:1      | Reached XP level 2. HP: 17/17 MP: 5/5
   675 | D:1      | Reached XP level 3. HP: 22/22 MP: 6/6
   679 | D:1      | Learned a level 3 spell: Stone Arrow
   799 | D:2      | Reached skill level 1 in Unarmed Combat
   813 | D:2      | Noticed Robin
   832 | D:2      | Reached skill level 1 in Fighting
   844 | D:2      | Killed Robin
   845 | D:2      | Reached XP level 4. HP: 12/28 MP: 1/7
  1166 | D:2      | Found a runed translucent door.
  1167 | D:2      | Noticed Crazy Yiuf
  1264 | D:2      | Noticed Jessica
  1270 | D:2      | Killed Jessica
  1432 | D:2      | Learned a level 3 spell: Passwall
  1960 | D:3      | Reached XP level 5. HP: 21/34 MP: 8/8
  2849 | D:4      | Reached XP level 6. HP: 39/39 MP: 10/10
  2952 | D:4      | Reached skill level 2 in Unarmed Combat
  3335 | D:4      | Found a glowing drain.
  3339 | Sewer    | Entered a sewer
  3365 | Sewer    | Reached XP level 7. HP: 34/45 MP: 11/11
  3368 | Sewer    | Noticed Pargi
  3405 | Sewer    | Killed Pargi
  3555 | Sewer    | Learned a level 3 spell: Ozocubu's Armour
  3739 | D:4      | Found a broken altar of Ashenzari.
  3811 | D:4      | Found a shimmering altar of Xom.
  3884 | D:5      | Entered Level 5 of the Dungeon
  3926 | D:5      | Found a sacrificial altar of Ru.
  4034 | D:5      | Reached skill level 3 in Unarmed Combat
  4204 | D:5      | Noticed Blork the orc
  4216 | D:5      | Killed Blork the orc
  4217 | D:5      | Reached XP level 8. HP: 44/54 MP: 13/13
  4431 | D:5      | Found a runed translucent door.
  4433 | D:5      | Noticed Pikel
  4452 | D:5      | Killed Pikel
  4508 | D:5      | Noticed Griffin23's ghost (novice MiFi)
  4534 | D:5      | Reached skill level 5 in Fighting
  4588 | D:5      | Found Ryeloveasu's Book Shop.
  4687 | D:5      | Found a runed translucent door.
  4925 | D:5      | Found a snail-covered altar of Cheibriados.
  4931 | D:5      | Reached skill level 4 in Unarmed Combat
  5061 | D:5      | Reached skill level 1 in Shapeshifting
  5278 | D:6      | Found a staircase to the Ecumenical Temple.
  5337 | D:6      | Reached XP level 9. HP: 47/61 MP: 15/15
  5352 | Temple   | Entered the Ecumenical Temple
  5576 | D:6      | Found a burning altar of Makhleb.
  5646 | D:6      | Found an ornate altar of the Wu Jian Council.
  5828 | D:7      | Noticed a +0 dagger
  5830 | D:7      | Noticed a +0 spear
  5830 | D:7      | Noticed a +0 falchion
  5830 | D:7      | Noticed a +0 spear
  5830 | D:7      | Noticed a +0 dagger
  5833 | D:7      | Noticed a +0 falchion
  6079 | D:7      | Reached skill level 5 in Unarmed Combat
  6129 | D:7      | Found an ancient bone altar of Kikubaaqudgha.
  6378 | D:7      | Noticed a +0 short sword
  6380 | D:7      | Noticed a +0 short sword
  6384 | D:7      | Found Nomoewnu's Jewellery Shoppe.
  6494 | D:7      | Noticed a two-headed ogre
  6509 | D:7      | Killed a two-headed ogre
  6510 | D:7      | Reached skill level 6 in Unarmed Combat
  6700 | D:7      | Reached skill level 7 in Unarmed Combat
  6864 | D:4      | Became a worshipper of Ashenzari the Shackled
  6933 | D:7      | Found a hide-covered altar of Uskayaw.
  7301 | D:7      | Reached skill level 5 in Stealth
  7301 | D:7      | Reached skill level 5 in Shapeshifting
  7435 | D:7      | Reached XP level 10. HP: 66/66 MP: 16/16
  7592 | D:7      | Reached skill level 1 in Ice Magic
  7646 | D:7      | Noticed a manticore
  7651 | D:7      | Noticed a deep elf pyromancer
  7989 | D:7      | Noticed a cyclops
  7992 | D:7      | Killed a deep elf pyromancer
  8012 | D:7      | Killed a cyclops
  8013 | D:7      | Reached skill level 8 in Unarmed Combat
  8180 | D:7      | Killed a manticore
  8412 | D:8      | Found a flagged portal.
  8427 | Bailey   | Entered a bailey
  8436 | Bailey   | Noticed an orc knight
  8586 | Bailey   | Killed an orc knight
  8609 | Bailey   | Reached skill level 9 in Unarmed Combat
  8609 | Bailey   | Reached XP level 11. HP: 35/71 MP: 17/17
  8894 | D:8      | Noticed Grum
  8908 | D:8      | Killed Grum
  8955 | D:8      | Found a shimmering blue altar of Sif Muna.
  9312 | D:8      | Found a hazy altar of Hepliaklqana.
  9492 | D:9      | Noticed a two-headed ogre
  9499 | D:9      | Killed a two-headed ogre
  9872 | D:9      | Found a transporter.
  9881 | D:9      | Found Vegeorch's General Store.
  9905 | D:9      | Found a transporter.
 10468 | D:9      | Found a blossoming altar of Fedhas.
 10468 | D:9      | Found an opulent altar of Gozag.
 10474 | D:9      | Found a shadowy altar of Dithmenos.
 10536 | D:9      | Gained mutation: Your body sometimes deteriorates upon
                  | taking damage. [potion of mutation]
 10536 | D:9      | Gained mutation: You are occasionally teleported next to
                  | monsters. [potion of mutation]
 10536 | D:9      | Gained mutation: You possess an exceptional clarity of
                  | mind. [potion of mutation]
 10537 | D:9      | Lost mutation: You possess an exceptional clarity of mind.
                  | [potion of mutation]
 10537 | D:9      | Lost mutation: You are occasionally teleported next to
                  | monsters. [potion of mutation]
 10537 | D:9      | Lost mutation: Your body sometimes deteriorates upon taking
                  | damage. [potion of mutation]
 10537 | D:9      | Gained mutation: You have hidden genetic potential. [potion
                  | of mutation]
 10537 | D:9      | Gained mutation: You have a pair of small antennae on your
                  | head. [potion of mutation]
 10537 | D:9      | Gained mutation: One of your tentacles bears a spike.
                  | [potion of mutation]
 10551 | D:10     | Entered Level 10 of the Dungeon
 10572 | D:10     | Noticed Snorg
 10594 | D:10     | Killed Snorg
 10595 | D:10     | Reached skill level 10 in Unarmed Combat
 10912 | D:10     | Reached * piety under Ashenzari
 11437 | D:10     | Found Gofeutae's CLEARANCE SALE!.
 11443 | D:10     | Learned a level 4 spell: Dispel Undead
 11448 | D:10     | Learned a level 4 spell: Passage of Golubria
 11455 | D:10     | Bought a scroll of blinking for 45 gold pieces
 11568 | D:10     | Found a portal to a secret trove of treasure.
 11576 | D:10     | Identified the scarf "Beatorgh" {repulsion, Rampage rElec
                  | Will- Regen+}
 11657 | D:11     | Noticed Josephine
 11664 | D:11     | Killed Josephine
 11746 | D:11     | Noticed Nergalle
 11754 | D:11     | Killed Nergalle
 11851 | D:11     | Reached XP level 12. HP: 74/81 MP: 18/18
 12051 | D:11     | Reached skill level 1 in Evocations
 12051 | D:11     | Found a staircase to the Lair.
 12057 | D:11     | Reached skill level 5 in Dodging
 12120 | D:11     | Noticed a boulder beetle
 12129 | D:11     | Noticed Maurice
 12141 | D:11     | Killed a boulder beetle
 12153 | D:11     | Killed Maurice
 12334 | D:11     | Noticed a boulder beetle
 12358 | D:11     | Killed a boulder beetle
 12359 | D:11     | Reached skill level 5 in Conjurations
 12377 | D:11     | Gained mutation: Your spells are a little harder to cast,
                  | but a little more powerful. [hidden potential]
 12541 | D:11     | Noticed a two-headed ogre
 12549 | D:11     | Killed a two-headed ogre
 12917 | D:12     | Noticed a boulder beetle
 12933 | D:12     | Killed a boulder beetle
 12953 | D:12     | Found a staircase to the Orcish Mines.
 13240 | D:12     | Found a transporter.
 13318 | D:12     | Reached ** piety under Ashenzari
 13414 | D:12     | Reached skill level 11 in Unarmed Combat
 13691 | Lair:1   | Entered Level 1 of the Lair of Beasts
 13735 | Lair:1   | Identified the +10 trident "Fibemoc" {flame, rElec rPois
                  | Str+2 Dex+2}
 14305 | Lair:1   | Noticed Jeremiah
 14314 | Lair:1   | Killed Jeremiah
 14487 | Lair:1   | Noticed Amaemon
 14494 | Lair:1   | Killed Amaemon
 14495 | Lair:1   | Reached XP level 13. HP: 85/92 MP: 21/21
 14708 | Lair:1   | Learned a level 4 spell: Maxwell's Portable Piledriver
 14832 | Lair:2   | Found a runed translucent door.
 14834 | Lair:2   | Reached *** piety under Ashenzari
 15121 | Lair:2   | Gained mutation: Your mind is acute. (Int +4, Str/Dex -1)
                  | [hidden potential]
 15121 | Lair:2   | Lost mutation: You have hidden genetic potential. [hidden
                  | potential expressed]
 15495 | Lair:2   | Noticed Gastronok
 15506 | Lair:2   | Reached skill level 5 in Ice Magic
 15514 | Lair:2   | Killed Gastronok
 15733 | Lair:2   | Reached **** piety under Ashenzari
 15830 | Lair:2   | Reached skill level 5 in Evocations
 16251 | Lair:2   | Noticed sirdedalot's ghost (journeyman FoHu)
 16251 | Lair:2   | Identified the ring "Eloimul" {Will++ rCorr Int+6 Stlth-}
 16451 | Lair:3   | Noticed Rupert
 16460 | Lair:3   | Paralysed by Rupert for 5 turns
 16469 | Lair:3   | Killed Rupert
 16470 | Lair:3   | Reached skill level 10 in Fighting
 16850 | Lair:3   | Found a staircase to the Shoals.
 17079 | D:5      | Bought a manual of Dodging for 1200 gold pieces
 17709 | Lair:3   | Reached ***** piety under Ashenzari
 17827 | Lair:3   | Found a staircase to the Snake Pit.
 18189 | Lair:4   | Reached skill level 10 in Shapeshifting
 18261 | Lair:4   | Reached XP level 14. HP: 92/107 MP: 25/25
 18289 | Lair:4   | Reached skill level 12 in Unarmed Combat
 19154 | Lair:5   | Entered Level 5 of the Lair of Beasts
 19208 | Lair:5   | Reached skill level 1 in Necromancy
 19582 | Lair:5   | Reached skill level 10 in Dodging
 19683 | Lair:5   | Found a viscous altar of Jiyva.
 19683 | Lair:5   | Found a staircase to the Slime Pits.
 19816 | Lair:5   | Identified the Cyclopedia of Effulgent Ceration
 19817 | Lair:5   | Identified the staff of Massacring {rF+ rC- rN+ Will+
                  | Earth}
 20486 | Orc:1    | Entered Level 1 of the Orcish Mines
 20501 | Orc:1    | Reached skill level 13 in Unarmed Combat
 20501 | Orc:1    | Reached XP level 15. HP: 114/114 MP: 26/26
 20568 | Orc:1    | Paralysed by an orc sorcerer for 5 turns
 20649 | Orc:1    | Found Rulunec's Armour Boutique.
 21077 | Orc:2    | Entered Level 2 of the Orcish Mines
 21206 | Orc:2    | Found a staircase to the Elven Halls.
 21288 | Orc:2    | Found Hivechups's General Store.
 21292 | Orc:2    | Found Coos's Magic Scroll Shoppe.
 21420 | Orc:2    | Bought a scroll of teleportation for 45 gold pieces
 21420 | Orc:2    | Bought a potion of heal wounds for 75 gold pieces
 21422 | Orc:2    | Bought a scroll of fear for 68 gold pieces
 21422 | Orc:2    | Bought a scroll of teleportation for 51 gold pieces
 21422 | Orc:2    | Bought a scroll of teleportation for 51 gold pieces
 21884 | Orc:2    | Found Raaw Kiy's Antique Armour Shop.
 21884 | Orc:2    | Found Wepsu's Book Boutique.
 21885 | Orc:2    | Found a one-way gate leading to the halls of Pandemonium.
 22156 | D:12     | Found a transporter.
 22440 | D:13     | Found a white marble altar of Elyvilon.
 22554 | D:13     | Found a gate to the Vaults.
 22896 | D:13     | Learned a level 5 spell: Silence
 22993 | D:14     | Found Ahot's Jewellery Boutique.
 23067 | D:14     | Reached skill level 14 in Unarmed Combat
 23247 | Shoals:1 | Entered Level 1 of the Shoals
 23289 | Shoals:1 | Found Daar's General Store.
 23300 | Shoals:1 | Reached XP level 16. HP: 123/123 MP: 27/27
 24586 | Elf:1    | Entered Level 1 of the Elven Halls
 24634 | Elf:1    | Found Ycvoi's Magic Scroll Shoppe.
 24672 | Elf:1    | Bought a scroll of blinking for 135 gold pieces
 24672 | Elf:1    | Bought a scroll of fog for 72 gold pieces
 24672 | Elf:1    | Bought a scroll of fog for 72 gold pieces
 24691 | Elf:1    | Noticed Jorgrun
 24700 | Elf:1    | Killed Jorgrun
 24847 | Elf:1    | Learned a level 2 spell: Blink
 24960 | Elf:1    | Reached skill level 1 in Translocations
 25305 | Elf:1    | Found a huge runed translucent gate.
 25305 | Elf:1    | Found a huge runed translucent gate.
 25306 | Elf:1    | Found a huge runed translucent gate.
 25306 | Elf:1    | Found a huge runed translucent gate.
 25306 | Elf:1    | Found a huge runed translucent gate.
 25307 | Elf:1    | Found a huge runed translucent gate.
 25307 | Elf:1    | Found a huge runed translucent gate.
 25308 | Elf:1    | Found a huge runed translucent gate.
 25312 | Elf:1    | Noticed a deep elf blademaster
 25418 | Elf:1    | Identified the +5 double sword of the Enemy {freeze, rF+
                  | rCorr}
 25418 | Elf:1    | Noticed a deep elf blademaster
 25442 | Elf:1    | Killed a deep elf blademaster
 25446 | Elf:1    | Killed a deep elf blademaster
 25764 | Shoals:2 | Noticed Polyphemus
 25811 | Shoals:1 | Killed Polyphemus
 25934 | Shoals:2 | Identified Sif Muna's Annotations on Composition and
                  | Cleavage
 26166 | Shoals:2 | Reached XP level 17. HP: 131/131 MP: 28/28
 26171 | Shoals:2 | Reached skill level 15 in Unarmed Combat
 26291 | Shoals:2 | Reached skill level 15 in Dodging
 26620 | D:14     | Identified the +0 cloak of Cuicucam {rC++}
 26860 | D:14     | Reached skill level 1 in Shields
 26872 | D:14     | Noticed Roxanne
 26891 | D:14     | Killed Roxanne
 27069 | D:15     | Entered Level 15 of the Dungeon
 27352 | Shoals:2 | Found Naetakho's Weapon Shop.
 28519 | Snake:1  | Entered Level 1 of the Snake Pit
 28556 | Snake:1  | Found Hoeste's Assorted Antiques.
 28579 | Snake:1  | Bought a potion of heal wounds for 110 gold pieces
 28579 | Snake:1  | Bought a glowing buckler for 165 gold pieces
 28579 | Snake:1  | Bought a scroll of teleportation for 66 gold pieces
 29490 | Elf:2    | Found Wex Ylegh's Antique Armour Shoppe.
 29581 | Elf:2    | Reached skill level 5 in Shields
 29674 | Elf:2    | Found a runed translucent gate.
 29675 | Elf:2    | Found a runed translucent gate.
 29675 | Elf:2    | Found a runed translucent gate.
 30079 | D:15     | Reached XP level 18. HP: 140/140 MP: 29/29
 30237 | D:15     | Reached skill level 16 in Unarmed Combat
 30314 | D:15     | Found a staircase to the Depths.
 30536 | D:15     | Reached skill level 15 in Fighting
 31497 | Lair:1   | Learned a level 8 spell: Lehudib's Crystal Spear
 31657 | Snake:2  | Reached skill level 5 in Earth Magic
 32066 | Snake:2  | Found Repp's Assorted Antiques.
 32068 | Snake:2  | Found Zupninilo's Jewellery Boutique.
 32068 | Snake:2  | Found Zemowuro's Antique Armour Shop.
 32071 | Snake:2  | Found Xury's Antique Weapon Shop.
 32073 | Snake:2  | Bought a scroll of fog for 116 gold pieces
 32073 | Snake:2  | Bought a fuming yellow potion for 26 gold pieces
 32073 | Snake:2  | Bought a scroll of fog for 116 gold pieces
 32073 | Snake:2  | Bought a Gell's gravitambourine (2/2) for 1160 gold pieces
 32372 | Shoals:4 | Entered Level 4 of the Shoals
 32425 | Shoals:4 | Paralysed by an air elemental for 1 turns
 32470 | Shoals:4 | Found a glowing silver altar of Zin.
 32494 | Shoals:4 | Paralysed by an air elemental for 1 turns
 32498 | Shoals:4 | Paralysed by an air elemental for 1 turns
 32509 | Shoals:4 | Paralysed by an air elemental for 1 turns
 32849 | Shoals:4 | Reached skill level 5 in Spellcasting
 32853 | Shoals:4 | Noticed Mara
 32861 | Shoals:4 | Noticed zenocrate's illusion
 32870 | Shoals:4 | Killed Mara
 32872 | Shoals:4 | Reached XP level 19. HP: 142/146 MP: 31/31
 32972 | Shoals:4 | Identified the Parchment of the Chill and Breath
 32977 | Shoals:4 | Reached skill level 15 in Shapeshifting
 33001 | Shoals:4 | Got a barnacled rune of Zot
 33201 | Shoals:4 | Learned a level 5 spell: Lee's Rapid Deconstruction
 33485 | D:10     | You paid a toll of a +4 demon blade to enter a treasure
                  | trove
 33486 | Trove    | Entered a treasure trove
 33538 | Trove    | Identified the +1 leather armour "Cecuyzxie" {Int+3}
 33538 | Trove    | Identified the +2 hat of Onorph {*Corrode rC++ Int+3}
 33539 | Trove    | Identified the +1 tower shield "Wuunweifaurph" {rElec}
 34223 | Elf:2    | Found Xaajom's General Store.
 34358 | Elf:2    | Identified the serpent talisman "Qalit" {rF+ Int+2 SInv
                  | Stlth+}
 34358 | Elf:2    | Noticed Aizul
 34374 | Elf:2    | Killed Aizul
 34533 | Elf:2    | Reached skill level 17 in Unarmed Combat
 35161 | Depths:1 | Entered Level 1 of the Depths
 35504 | Depths:1 | Found a sparkling altar of Nemelex Xobeh.
 35530 | Depths:1 | Reached skill level 1 in Ranged Weapons
 35686 | Depths:1 | Identified the +3 robe of the Hairy Grue {+Inv Stlth+}
 35686 | Depths:1 | Noticed Boris
 35694 | Depths:1 | Killed Boris
 35748 | Depths:1 | Found a gateway to Hell.
 36271 | Vaults:1 | Entered Level 1 of the Vaults
 36325 | Vaults:1 | Found Susuz's Antique Armour Boutique.
 36584 | Vaults:1 | Found a magical portal.
 36593 | WizLab   | Entered Borgnjor's Mausoleum
 36617 | WizLab   | Reached XP level 20. HP: 153/153 MP: 33/33
 37198 | WizLab   | Identified Borgnjor's Spellbook of the Charnel House
 37216 | WizLab   | Learned a level 5 spell: Borgnjor's Vile Clutch
 37619 | Vaults:1 | Reached skill level 10 in Shields
 37690 | Vaults:1 | Identified the +0 robe of Weirdness {Rampage Int+6 Stlth-}
 37861 | Vaults:1 | Identified the ring of Yluumeim {Fly Will+ Str+3 Dex-5
                  | SInv}
 37862 | Vaults:1 | Identified the amulet "Janotzou" {Faith Int+4}
 37971 | Vaults:1 | Identified the +11 dagger of Exchange {freeze, rElec rC+}
 37971 | Vaults:1 | Identified the +3 leather armour "Xamudyral" {Regen+ Str+3}
 39251 | Depths:2 | Reached XP level 21. HP: 141/158 MP: 35/35
 39645 | Depths:2 | Reached skill level 10 in Conjurations
 39647 | Depths:2 | Reached skill level 18 in Unarmed Combat
 39700 | Depths:2 | Noticed a golden dragon
 39718 | Depths:2 | Killed a golden dragon
 40533 | Snake:3  | Noticed Azrael
 40542 | Snake:3  | Killed Azrael
 40578 | Snake:3  | Found Qienoint's Antique Weapon Boutique.
 40580 | Snake:3  | Found Xorphasch's Assorted Antiques.
 40582 | Snake:3  | Found Rioto's Assorted Antiques.
 40640 | Snake:3  | Bought a scroll of amnesia for 144 gold pieces
 40640 | Snake:3  | Bought a scroll of fog for 144 gold pieces
 40640 | Snake:3  | Bought a potion of berserk rage for 180 gold pieces
 40640 | Snake:3  | Bought a potion of heal wounds for 180 gold pieces
 40731 | Snake:3  | Found a glacial archway.
 40747 | IceCv    | Entered an ice cave
 41162 | IceCv    | Identified the ring "Vocuom" {Ice rN++ Will+ Int+2 Dex-3}
 41191 | IceCv    | Identified the ring of the Castellan {rF+ rCorr Dex+5 SInv
                  | Stlth-}
 41477 | Snake:3  | Reached skill level 10 in Earth Magic
 41894 | Snake:3  | Found a snail-covered altar of Cheibriados.
 42349 | Snake:3  | Bought a scroll labelled FUWIZXECWAX for 29 gold pieces
 42349 | Snake:3  | Acquired the +3 buckler of Dom Zaib {^Contam Will+++ Str-4
                  | Slay+5}
 42364 | Snake:3  | Gained mutation: You are clumsy. (Dex -2) [mutagenic glow]
 43236 | Lair:5   | Fell from the grace of Ashenzari
 43236 | Lair:5   | Became a worshipper of Jiyva Jaran the Shapeless
 43639 | Elf:3    | Entered Level 3 of the Elven Halls
 43760 | Elf:3    | Found a runed translucent door.
 43760 | Elf:3    | Noticed Teucoep's ghost (adept OpEE)
 43807 | Elf:3    | Reached * piety under Jiyva
 43949 | Elf:3    | Found a roughly hewn altar of Beogh.
 43992 | Elf:3    | Noticed Donald
 44002 | Elf:3    | Killed Donald
 44080 | Elf:3    | Identified the +6 glaive "Pucrin" {drain, Str-3 Int+2
                  | Stlth+}
 44083 | Elf:3    | Identified the +0 scale mail of Recklessness {rElec rN+
                  | Dex-5 SInv}
 44102 | Elf:3    | HP: 3/145 [deep elf master archer/arrow (11)]
 44143 | Elf:3    | Reached XP level 22. HP: 89/157 MP: 26/35
 44355 | Elf:3    | Got the Notes on Scree
 44451 | Elf:3    | Identified the +0 leather armour of Enacs {rCorr}
 44536 | Elf:3    | Killed Teucoep's ghost
 44538 | Elf:3    | Identified the +1 short sword "Luluc" {vamp, Will- Dex+3
                  | Stlth+}
 44949 | Depths:3 | Found a one-way gateway to a ziggurat.
 45029 | Depths:3 | HP: 7/155 [rakshasa/+0 trident (10)]
 45029 | Depths:3 | Slain by a spriggan berserker simulacrum (illusionary)

Illustrated notes

Levels and vault maps discovered:
D:1:      eino_arrival_water_star, layout_loops_ring, minmay_cupped
D:2:      layout_loops_corners, uniq_crazy_yiuf_cottage, uniq_robin,
          uniq_jessica
D:3:      minmay_evil_eye, layout_basic, hangedman_decor_lopped,
          minmay_hedge_maze, chequers_serial_rivers_micro_e, glass_columns_a
D:4:      layout_loops_ring, marbit_many_paths, nicolae_overflow_crystal_walls,
          gup_sewer_entry_bowl
D:5:      layout_basic, kennysheep_slug_shrine, old_standard_altar,
          ebering_ghost_sewer_f, glass_columns_a, kennysheep_minor_cross,
          minmay_shop_grid_forest, uniq_pikel, uniq_blork_the_orc
D:6:      layout_loops_ring, pdpol_wu_jian_five_deadly_venoms,
          makhleb_heckhound_becter, minmay_temple_entry_statues_pillars
D:7:      minmay_the_grid_triangle_9x9_rhombus_full
          [minmay_the_grid_triangle_9x9_stretched_checkered,
          minmay_the_grid_triangle_9x9_skeleton,
          minmay_the_grid_triangle_9x9_sparse_checkered,
          minmay_the_grid_triangle_9x9_zippers_vertical,
          minmay_the_grid_triangle_9x9_odd_lines,
          minmay_the_grid_triangle_9x9_impossible_snake,
          minmay_the_grid_triangle_9x9_steps,
          minmay_the_grid_triangle_9x9_prize_schism], layout_layer_cave,
          mainiacjoe_overflow_six_doors_small, nicolae_uskayaw_en_pointe,
          serial_shops, shop
D:8:      layout_rooms, nicolae_hepliaklqana_hippocampus,
          hellmonk_sif_muna_bookshelves, enter_bailey_5,
          kennysheep_generic_room_10, uniq_grum
D:9:      layout_grid_maze, gammafunk_temple_overflow_forgotten, serial_shops,
          nicolae_shop_drivethru, hex_medium, st_stairs_12
D:10:     layout_loops_corners, nicolae_trove_entry_crystal,
          nicolae_shop_clearance, uniq_snorg
D:11:     layout_loops_ring, david_lair_shrubbed, uniq_josephine, uniq_nergalle,
          uniq_maurice
D:12:     layout_small_grid, kennysheep_orc_monster_closet_entryway,
          nicolae_diode_stairs
D:13:     layout_irregular_city, grunt_vaults_entry_fortified,
          nicolae_elyvilon_peaceful_grove
D:14:     layout_basic, minmay_holes, serial_shops, shop, uniq_roxanne
D:15:     grunt_enter_depths_snipers, layout_basic, nicolae_cairo_tiling,
          nicolae_two_hexagons
Temple:   hellmonk_temple_rainy
Lair:1:   layout_roguey, infiniplex_staircase_pool_2, uniq_amaemon,
          uniq_jeremiah
Lair:2:   layout_regular_city, ebering_ghost_reflecting_pool, st_stairs_4,
          minivault_19, minmay_shattered_shrine, uniq_gastronok
Lair:3:   layout_cave_pods, shoals_dummy_entry, nicolae_snake_entry_squirm,
          uniq_rupert
Lair:4:   layout_layer_cave, enter_volcano_2, nicolae_lair_grazing_beasts
          [nicolae_sub_lair_graze_edge, nicolae_sub_lair_graze_edge,
          nicolae_sub_lair_graze_edge, nicolae_sub_lair_graze_edge],
          grunt_megastairs_5
Lair:5:   minmay_lair_end_frog_pond, layout_regular_city, slime_entry_1
Shoals:1: layout_shoals, serial_shops, shop
Shoals:2: layout_shoals, serial_shops, shop, nicolae_shoals_lost_giant_hut,
          uniq_polyphemus
Shoals:3: layout_shoals
Shoals:4: shoals_end_hellmonk_storm_palace [storm_palace_center_ruins,
          storm_palace_corner_altar, storm_palace_corner_grid,
          storm_palace_corner_blocked, storm_palace_corner_narrow], uniq_mara
Snake:1:  layout_misc_corridors, serial_shops, shop
Snake:2:  layout_rooms, grunt_ministairs_9, minmay_shoptagon
Snake:3:  layout_chambers, portal_ice_cave_entry_frozen_things, basic_altar,
          minmay_shop_star, uniq_azrael
Orc:1:    layout_caves, serial_shops, shop, blackcustard_rock_pile
Orc:2:    pf_orc_diabolical, layout_caves
Elf:1:    elf_arrival_002, layout_geoelf_octagon, serial_shops, shop,
          evilmike_minifort, serial_library_hellmonk_open_cross,
          minivault_25_ag, nicolae_elf_double_double_double_trouble,
          uniq_jorgrun
Elf:2:    nicolae_elf_blades_crystal_corner, layout_gridlike, serial_shops,
          shop, nicolae_shop_crystal, uniq_aizul
Elf:3:    minmay_elf_hall_x, layout_rooms, gammafunk_ghost_grave, special_room
          [special_room_orc], roderic_lattice_octagonal_star, uniq_donald
Vaults:1: mu_enter_wizlab_5, hangedman_vaults_variations, v_alt_pattern_5,
          hangedman_vaults_trim, hangedman_vaults_trim,
          nicolae_vaults_ellipses_ellipsis, v_rooms_2, vaults_dpeg_spiral,
          ontoclasm_vaults_bender, nicolae_vaults_storing_the_good_stuff,
          nicolae_vaults_tetromino_L_2, layout_vaults_maze, serial_shops, shop
Depths:1: layout_roguey, hangedman_abyss_or_decor_stagger, hell_entry,
          nemelex_xobeh_ov_fountains_minmay, uniq_boris
Depths:2: nzn_winding_woodlands_stair_cross
          [nzn_winding_woodlands_5x15_lazy_stream,
          nzn_winding_woodlands_center_diamonds,
          nzn_winding_woodlands_5x15_sidewinder,
          nzn_winding_woodlands_5x5_cross, nzn_winding_woodlands_5x5_open_star,
          nzn_winding_woodlands_5x15_garden,
          nzn_winding_woodlands_center_triple_pond,
          nzn_winding_woodlands_5x15_longhouse], layout_gridlike,
          rand_demon_pan_entry_4, serial_sigils, serial_sigils_hangedman_leer,
          serial_sigils_hangedman_quiver, serial_sigils_hangedman_gut,
          serial_sigils_hangedman_shear, hell_entry, drop_trap,
          nrook_kobold_shadow_demons
Depths:3: regret_index_reflect_refract, layout_gridlike, enter_ziggurat_f,
          abyss_entry, roderic_cross_of_infinity, hell_entry, pan_entry,
          minmay_misc_feat_tiny, kennysheep_treasure_room,
          infiniplex_staircase_spiral

Skill      XL: |  1  2  3  4  5  6  7  8  9 10 11 12 13 14 15 16 17 18 19 20 21 |
---------------+----------------------------------------------------------------+-----
Stealth        | 3 5 |  5.2
Unarmed Combat | 1 2 3 4 7 9 10 11 13 14 15 16 17 18 | 18.5
Fighting       | 1 2 3 5 7 8 10 11 12 13 14 15 | 15.3
Dodging        | 3 4 6 8 10 13 14 15 | 15.2
Conjurations   | 2 3 4 5 7 8 9 10 | 10.6
Spellcasting   | 3 4 5 6 8 9 |  9.0
Earth Magic    | 4 6 8 9 10 | 10.2
Shapeshifting  | 2 5 6 8 9 10 11 12 13 14 15 16 17 | 17.6
Ice Magic      | 4 6 |  6.3
Evocations     | 4 6 7 |  7.7
Necromancy     | 2 |  2.5
Translocations | 3 |  3.7
Shields        | 5 7 9 10 11 | 11.7
Ranged Weapons | 2 |  2.6

Action                     |  1- 3 |  4- 6 |  7- 9 | 10-12 | 13-15 | 16-18 | 19-21 | 22-24 || total
---------------------------+-------+-------+-------+-------+-------+-------+-------+-------++-------
  Melee: Unarmed           |    59 |   108 |   220 |   601 |   830 |   826 |  1214 |   100 ||  3958
         Constrict         |    29 |    37 |    54 |   113 |   142 |   168 |   195 |    17 ||   755
         Tentacles         |    17 |    26 |    57 |   195 |   234 |   222 |   379 |    37 ||  1167
         Punch             |     1 |     2 |     9 |     4 |    91 |   107 |   225 |    13 ||   452
         Kick              |       |       |       |   189 |   360 |   355 |   602 |    60 ||  1566
   Cast: Sandblast         |     8 |     8 |     1 |       |       |       |       |       ||    17
         Stone Arrow       |       |       |    45 |    28 |    23 |    18 |    21 |    14 ||   149
         Ozocubu's Armour  |       |       |       |     1 |     1 |     1 |       |     1 ||     4
         Lee's Rapid Decon |       |       |       |       |       |       |     5 |       ||     5
 Invoke: Curse Item        |       |       |       |     4 |     6 |     2 |       |       ||    12
         Shatter the Chain |       |       |       |       |       |     2 |     6 |       ||     8
  Evoke: Wand              |       |       |     1 |       |       |       |       |       ||     1
         Sack of spiders   |       |       |       |       |     1 |       |       |       ||     1
         Lightning rod     |       |       |       |       |       |       |     3 |       ||     3
    Use: Scroll            |       |     8 |     2 |     6 |     4 |     5 |    11 |     2 ||    38
         Potion            |       |       |     2 |     2 |     2 |     2 |     9 |     3 ||    20
   Stab: Sleeping          |     8 |     7 |    10 |     7 |    19 |    38 |    22 |     1 ||   112
         Paralysed         |       |       |     7 |       |       |       |       |       ||     7
         Distracted        |       |       |       |     1 |     2 |     3 |     3 |       ||     9
         Confused          |       |       |       |       |     1 |       |       |       ||     1
 Armour: Skin              |    19 |    32 |    71 |   128 |   312 |   324 |   402 |    94 ||  1382
  Dodge: Dodged            |    44 |    92 |   302 |   719 |  1918 |  1653 |  2355 |   293 ||  7376
  Block: Buckler           |       |       |       |       |       |   347 |   902 |   112 ||  1361
   Form: Flux              |       |       |       |     1 |       |       |       |       ||     1
         Blade             |       |       |       |       |     1 |       |       |       ||     1
         Statue            |       |       |       |       |     1 |       |       |       ||     1

Table legend: (Time is in decaauts)
 A = Elapsed time spent in this place.
 B = Non-inter-level travel time spent in this place.
 C = Inter-level travel time spent in this place.
 D = Time resting spent in this place.
 E = Time spent auto-exploring this place.
 F = Levels seen in this place.
 G = Mean time per level.
                   A        B        C        D        E       F      G
               +--------+--------+--------+--------+--------+-----+--------+
         Total |  57346 |  46729 |  10617 |    239 |  35440 |  42 | 1365.4 |
       Dungeon |  20810 |  16190 |   4620 |     19 |  13385 |  15 | 1387.3 |
        Temple |      3 |      3 |      0 |      0 |      0 |   1 |    3.0 |
          Lair |   9896 |   7342 |   2554 |     70 |   5449 |   5 | 1979.2 |
        Shoals |   5644 |   4922 |    722 |      0 |   3558 |   4 | 1411.0 |
     Snake Pit |   3970 |   3638 |    332 |      0 |   2707 |   3 | 1323.3 |
  Orcish Mines |   3413 |   2305 |   1108 |      0 |   1819 |   2 | 1706.5 |
   Elven Halls |   5348 |   4441 |    907 |      0 |   3228 |   3 | 1782.7 |
        Vaults |   1829 |   1691 |    138 |      0 |   1066 |   1 | 1829.0 |
        Depths |   3937 |   3705 |    232 |      0 |   2802 |   3 | 1312.3 |
         Trove |    175 |    175 |      0 |      0 |    115 |   1 |  175.0 |
         Sewer |    215 |    215 |      0 |      0 |    138 |   1 |  215.0 |
        Bailey |    367 |    367 |      0 |      0 |    243 |   1 |  367.0 |
      Ice Cave |    810 |    810 |      0 |    150 |    406 |   1 |  810.0 |
        Wizlab |    925 |    925 |      0 |      0 |    521 |   1 |  925.0 |
               +--------+--------+--------+--------+--------+-----+--------+

Top non-repeatable levels by time:
  Lair:1: 2701 daAuts
     D:7: 2638 daAuts
   Orc:2: 2354 daAuts
  Lair:3: 2233 daAuts
    D:12: 2188 daAuts
    D:15: 2156 daAuts
Depths:2: 2134 daAuts
   Elf:1: 2033 daAuts
   Elf:2: 2021 daAuts
 Snake:3: 1906 daAuts
Shoals:1: 1891 daAuts
Vaults:1: 1829 daAuts
  Lair:5: 1820 daAuts
    D:11: 1706 daAuts
  Lair:2: 1660 daAuts
